 Dungeon Crawl Stone Soup version 0.23.2-1-ga50397a6bc (webtiles) character file.

Game seed: 12007479708870654774

391 Kobolds4U the Slasher (level 6, -10/48 HPs)
             Began as a Demonspawn Berserker on Apr 26, 2019.
             Was a Priest of Trog.
             Mangled by an ogre
             ... wielding a +0 giant spiked club
              (21 damage)
             ... on level 3 of the Dungeon.
             The game lasted 00:12:36 (4246 turns).

Kobolds4U the Slasher (Demonspawn Berserker)        Turns: 4246, Time: 00:12:36

Health: -10/48     AC: 11    Str: 17    XL:     6   Next: 50%
Magic:  6/6        EV:  7    Int:  8    God:    Trog [***...]
Gold:   195        SH:  0    Dex: 15    Spells: 5/5 levels left

rFire    . . .     SeeInvis .   a - +0 falchion
rCold    . . .     Gourm    .   (no shield)
rNeg     . . .     Faith    .   f - +0 chain mail
rPois    .         Spirit   .   (helmet restricted)
rElec    .         Reflect  .   p - +0 cloak
rCorr    +         Harm     .   (no gloves)
MR       .....                  j - +0 pair of boots
Stlth    ..........             (no amulet)
HPRegen  0.16/turn              q - ring of resist corrosion
MPRegen  0.10/turn              (no ring)

@: no status effects
A: antennae 1, rugged brown scales 1, nightstalker 2
a: Berserk, Trog's Hand, Renounce Religion


You were on level 3 of the Dungeon.
You worshipped Trog.
Trog was most pleased with you.
You were hungry.

You visited 1 branch of the dungeon, and saw 4 of its levels.
You also visited: Sewer.

You collected 195 gold pieces.

Inventory:

Hand Weapons
 a - a +0 falchion (weapon)
 e - a +0 hunting sling of velocity
Missiles
 h - 3 silver tomahawks (quivered)
Armour
 b - a +0 animal skin
 f - a +0 chain mail (worn)
 j - a +0 pair of boots (worn)
 p - a +0 cloak (worn)
Jewellery
 q - a ring of resist corrosion (left hand)
Scrolls
 d - a scroll of random uselessness {unknown}
 g - a scroll of noise {unknown}
 k - 2 scrolls of immolation {unknown}
 m - 2 scrolls of fear {unknown}
 t - a scroll of teleportation {unknown}
Potions
 i - 2 potions of brilliance {unknown}
 l - a potion of cancellation {unknown}
 n - a potion of heal wounds {unknown}
 o - a potion of ambrosia {unknown}
 r - a potion of lignification {unknown}
 s - a potion of invisibility {unknown}
 u - 3 potions of curing {unknown}
 w - a potion of agility {unknown}
 x - 3 potions of flight {unknown}
 z - a potion of haste {unknown}
Comestibles
 c - 13 rations


   Skills:
 - Level 3.1 Fighting
 * Level 6.6 Long Blades
 - Level 2.0 Armour
 - Level 2.0 Dodging


You had 5 spell levels left.
You didn't know any spells.
Your spell library was empty.

Dungeon Overview and Level Annotations

Branches:
Dungeon (4/15)
 Temple: D:4-7

Altars:
Cheibriados
Gozag
Trog
Uskayaw
Zin


Innate Abilities, Weirdness & Mutations

You have a pair of small antennae on your head.
You are partially covered in rugged brown scales. (AC +1, +3% HP)
You are significantly more attuned to the shadows.


Message History

No target in view!
No target in view!
An ogre comes into view. It is wielding a +0 giant spiked club.
The ogre shouts!
You see here a leopard gecko corpse.
You butcher the leopard gecko corpse.
Things that are here:
a chunk of flesh; a leopard gecko skeleton
There is a stone staircase leading up here.
The ogre hits you with a +0 giant spiked club!!
Ouch! That really hurt!
* * * LOW HITPOINT WARNING * * *
You climb upwards.
You are feeling hungry.
There is a stone staircase leading down here.
All of the chunks of flesh in your inventory have rotted away.
There is an escape hatch in the floor here.
There is a stone staircase leading down here.
The ogre hits you with a +0 giant spiked club!!
You die...

######### #.......#
#.......###############
#.>....O@..........(..###
#..#########.......(...(.
##.# #............####(##
#### ##.###............#
#..# ...#
#.................#####..
...#
#..###...................
...# #..#
#...........#####... ...#
#..# #...........# #...
...#
#..###......###.######...


You could see an ogre.

Vanquished Creatures
  A centaur (D:2)
  A big kobold (Sewer)
  Crazy Yiuf (D:2)
  Jessica (D:2)
  3 adders
  4 gnolls (D:2)
  3 river rats
  An ooze (D:2)
  2 worms
  2 dart slugs (D:1)
  5 leopard geckos
  2 orcs (D:3)
  10 bats
  4 giant cockroaches
  7 goblins
  6 hobgoblins
  2 jackals (Sewer)
  10 kobolds
  A ball python (D:3)
  6 frilled lizards
  20 rats
92 creatures vanquished.

Notes
Turn   | Place    | Note
-------+----------+-------------------------------------------
     0 | D:1      | Kobolds4U the Demonspawn Berserker began the quest for the
                  | Orb.
     0 | D:1      | Reached XP level 1. HP: 18/18 MP: 1/1
   199 | D:1      | Gained mutation: You are partially covered in rugged brown
                  | scales. (AC +1, +3% HP) [demonic ancestry]
   199 | D:1      | Reached XP level 2. HP: 17/24 MP: 2/2
   449 | D:1      | Reached skill level 3 in Long Blades
   639 | D:1      | Reached ** piety under Trog
   695 | D:1      | Gained mutation: You have a pair of small antennae on your
                  | head. [demonic ancestry]
   695 | D:1      | Reached XP level 3. HP: 29/29 MP: 3/3
  1082 | D:2      | Noticed Jessica
  1089 | D:2      | Killed Jessica
  1089 | D:2      | Reached skill level 4 in Long Blades
  1089 | D:2      | Gained mutation: You are slightly more attuned to the
                  | shadows. [demonic ancestry]
  1089 | D:2      | Reached XP level 4. HP: 36/36 MP: 4/4
  1213 | D:2      | Found a runed translucent door.
  1214 | D:2      | Noticed Crazy Yiuf
  1228 | D:2      | HP: 1/36 [Crazy Yiuf/+2 quarterstaff of chaos (2)]
  1246 | D:2      | Killed Crazy Yiuf
  1502 | D:2      | Found an opulent altar of Gozag.
  1503 | D:2      | Found a snail-covered altar of Cheibriados.
  1714 | D:2      | Reached skill level 5 in Long Blades
  1714 | D:2      | Gained mutation: You are significantly more attuned to the
                  | shadows. [demonic ancestry]
  1714 | D:2      | Reached XP level 5. HP: 38/42 MP: 5/5
  1768 | D:2      | Found a bloodstained altar of Trog.
  2053 | D:2      | Found a hide-covered altar of Uskayaw.
  2056 | D:2      | Noticed a +0 dagger
  2056 | D:2      | Noticed a -2 hand axe
  2492 | D:2      | Noticed a centaur
  2502 | D:2      | Killed a centaur
  3360 | D:3      | Reached XP level 6. HP: 48/48 MP: 6/6
  3449 | D:3      | Reached skill level 6 in Long Blades
  3566 | D:3      | Found a glowing drain.
  3596 | Sewer    | Entered a sewer
  3710 | Sewer    | Found a white marble altar of Elyvilon.
  3986 | D:3      | Reached *** piety under Trog
  3996 | D:3      | Found a glowing silver altar of Zin.
  4246 | D:3      | Mangled by an ogre

Skill      XL: |  1  2  3  4  5  6 |
---------------+-------------------+-----
Armour         | 2 |  2.0
Dodging        | 2 |  2.0
Long Blades    | 3 4 5 6 |  6.6
Fighting       | |  3.1

Action                   |  1- 3 |  4- 6 || total
-------------------------+-------+-------++-------
Melee: Falchion          |    66 |   253 ||   319
Invok: Trog's Hand       |     1 |     4 ||     5
       Berserk           |       |     3 ||     3
 Stab: Sleeping          |     2 |     2 ||     4
  Eat: Chunk             |     1 |    11 ||    12
       Ration            |       |     1 ||     1
Armor: Animal skin       |    19 |     3 ||    22
       Chain mail        |       |   151 ||   151
Dodge: Dodged            |    50 |   116 ||   166
       Rpst.: Falchion   |    25 |    28 ||    53
